 Dungeon Crawl Stone Soup version 0.28-a0-124-g73ec313a74 (webtiles) character file.

Game seed: 2529905645808594791

35 voltaire321 the Ducker (level 3, -1/28 HPs)
             Began as a Demonspawn Gladiator on Aug 14, 2021.
             Slain by an ogre (15 damage)
             ... on level 2 of the Dungeon.
             The game lasted 00:01:43 (1314 turns).

voltaire321 the Ducker (Demonspawn Gladiator)       Turns: 1314, Time: 00:01:43

Health: -1/28      AC:  8    Str: 15    XL:     3   Next: 16%
Magic:  3/3        EV:  7    Int:  9    God:
Gold:   19         SH:  0    Dex: 14    Spells: 2/2 levels left

rFire   . . .      SeeInvis .   a - +0 war axe
rCold   . . .      Faith    .   (no shield)
rNeg    . . .      Spirit   .   i - +0 chain mail
rPois   .          Reflect  .   (helmet restricted)
rElec   .          Harm     .   (no cloak)
rCorr   .          Rampage  .   (no gloves)
Will    .....                   (no boots)
Stlth   ..........              (no amulet)
HPRegen 0.09/turn               (no ring)
MPRegen 0.08/turn               (no ring)

@: no status effects
A: antennae 1
a: no special abilities


You were on level 2 of the Dungeon.
You visited 1 branch of the dungeon, and saw 2 of its levels.

You collected 19 gold pieces.

Inventory:

Hand Weapons
 a - a +0 war axe (weapon)
Missiles
 d - 3 throwing nets (quivered)
Armour
 b - a +0 leather armour
 c - a +0 helmet
 i - a +0 chain mail (worn)
Scrolls
 f - a scroll of noise {unknown}
 g - 2 scrolls of identify {unknown}
 h - a scroll of blinking {unknown}
Potions
 e - 2 potions of curing {unknown}


   Skills:
 + Level 2.4 Fighting
 + Level 2.9 Axes
 + Level 2.1 Throwing
 + Level 1.0 Armour
 + Level 3.0 Dodging


You had 2 spell levels left.
You didn't know any spells.
Your spell library contained the following spells:

 Spells                   Type           Power      Damage    Failure   Level
 Slow                     Hex            0%         N/A       100%        2
 Confusing Touch          Hex            0%         N/A       100%        3
 Vampiric Draining        Necr           0%         2d6       100%        3


Dungeon Overview and Level Annotations

Branches:
Dungeon (2/15)

Altars:


Innate Abilities, Weirdness & Mutations

You have a pair of small antennae on your head.


Message History

The hobgoblin shouts!
You slash the dart slug!
The dart slug is almost dead.
The dart slug barely misses you.
You hit the dart slug.
You kill the dart slug!
The hobgoblin closely misses you.
You hit the hobgoblin.
The hobgoblin is heavily wounded.
The hobgoblin hits you but does no damage.
You completely miss the hobgoblin.
The hobgoblin is heavily wounded.
The hobgoblin closely misses you.
You closely miss the hobgoblin.
The hobgoblin is heavily wounded.
The hobgoblin closely misses you. The hobgoblin barely misses you.
You hit the hobgoblin.
The hobgoblin is almost dead.
The hobgoblin hits you but does no damage.
You slash the hobgoblin!
You kill the hobgoblin!
Your Dodging skill increases to level 3!
Found a stone staircase leading up.
A giant cockroach comes into view.
Found 13 gold pieces.
Found an escape hatch in the ceiling.
You slash the giant cockroach!
You kill the giant cockroach!
Your Armour skill increases to level 1!
You see here a giant cockroach corpse.
An ogre comes into view. It is wielding a +0 giant spiked club.
Found 7 gold pieces and a scroll labelled ROGGAUQAWK.
Found a glowing red potion.
The ogre hits you with a +0 giant spiked club!
Ouch! That really hurt!
You hit the ogre.
The ogre is lightly wounded.
The ogre hits you with a +0 giant spiked club!
Ouch! That really hurt!
You die...

# #..... .......#.###.
..#..... !..........
......... #?........
...##.### ##........
......... #........
...<...... #.....<$
#......#.. #.....O#
#....#.#..
#$...@#######.........
#........#.##.##.#....
###......#.##.##...≈..
+...†...........≈≈..
#........#..#....§.§
#......###..#......§
##...### #.........§
###.# #...≈.....≈ #.#
#...8≈...§≈


You could see an ogre.

Vanquished Creatures
  2 dart slugs
  4 ball pythons (D:1)
  2 giant cockroaches
  3 goblins (D:1)
  2 hobgoblins
  2 jackals (D:1)
  7 kobolds (D:1)
  A quokka (D:1)
  2 frilled lizards (D:1)
25 creatures vanquished.

Notes
Turn   | Place    | Note
-------+----------+-------------------------------------------
     0 | D:1      | voltaire321 the Demonspawn Gladiator began the quest for
                  | the Orb.
     0 | D:1      | Reached XP level 1. HP: 16/16 MP: 1/1
   234 | D:1      | Found a faded altar of an unknown god.
   357 | D:1      | Gained mutation: You have a pair of small antennae on your
                  | head. [demonic ancestry]
   357 | D:1      | Reached XP level 2. HP: 20/22 MP: 2/2
   941 | D:1      | Reached XP level 3. HP: 28/28 MP: 3/3
  1296 | D:2      | Reached skill level 3 in Dodging
  1310 | D:2      | Reached skill level 1 in Armour
  1311 | D:2      | Noticed an ogre
  1314 | D:2      | Slain by an ogre

Illustrated notes

Levels and vault maps discovered:
D:1:      dpeg_arrival_arbitrary_b, layout_loops_ring,
          hellmonk_ecumenical_altar_pennies_from_heaven,
          corexii_item_surrounded_by_moat, chequers_hall_statues_y,
          grunt_decor_clamped
D:2:      layout_basic, kennysheep_decorative_pillar, uniq_crazy_yiuf_cottage

Skill      XL: |  1  2  3 |
---------------+----------+-----
Throwing       | 2 |  2.1
Dodging        | 3 |  3.0
Armour         | 1 |  1.0
Fighting       | |  2.4
Axes           | |  2.9

Action                   || total
-------------------------++-------
Melee: War axe           ||    65
Armor: Leather armour    ||    14
       Chain mail        ||     3
Dodge: Dodged            ||    46

Table legend: (Time is in decaauts)
 A = Elapsed time spent in this place.
 B = Non-inter-level travel time spent in this place.
 C = Inter-level travel time spent in this place.
 D = Time resting spent in this place.
 E = Time spent auto-exploring this place.
 F = Levels seen in this place.
 G = Mean time per level.
                   A        B        C        D        E       F      G
               +--------+--------+--------+--------+--------+-----+--------+
         Total |   1336 |   1323 |     13 |     58 |   1065 |   2 |  668.0 |
       Dungeon |   1336 |   1323 |     13 |     58 |   1065 |   2 |  668.0 |
               +--------+--------+--------+--------+--------+-----+--------+

Top non-repeatable levels by time:
     D:1: 1291 daAuts
     D:2: 45 daAuts
